 Dungeon Sprint DCSS version 0.19.4-8-ga85b6b9 (webtiles) character file.

6 protoss039 the Covered (level 1, -4/20 HPs)
             Began as a Minotaur Fighter on Feb 7, 2017.
             Was an Initiate of Okawaru.
             Slain by a sky beast (5 damage)
             ... in the Dungeon (Sprint VII: "The Pits").
             The game lasted 00:01:45 (145 turns).

protoss039 the Covered (Minotaur Fighter)            Turns: 145, Time: 00:01:47

Health: -4/20      AC:  7    Str: 20    XL:     1   Next: 75%
Magic:  0/0        EV:  7    Int:  5    God:    Okawaru [......]
Gold:   0          SH:  9    Dex:  9    Spells: 0 memorised, 0 levels left

rFire  . . .     SeeInvis .     l - +2 hand axe
rCold  . . .     Gourm    .     b - +0 scale mail
rNeg   . . .     Faith    .     c - +0 shield
rPois  .         Spirit   .     (helmet restricted)
rElec  .         Reflect  .     (no cloak)
rCorr  .         Harm     .     (no gloves)
MR     .....     NoTele   +     (no boots)
Stlth  ..........               (no amulet)
                                (no ring)
                                (no ring)

@: no status effects
A: retaliatory headbutt, horns 2
a: Renounce Religion


You were in the Dungeon.
You worshipped Okawaru.
Okawaru was noncommittal.
You were not hungry.

You visited 1 branch

Inventory:

Hand Weapons
 a - a +0 war axe
 l - a +2 hand axe (weapon)
Armour
 b - a +0 scale mail (worn)
 c - a +0 shield (worn)
Scrolls
 k - a scroll of blinking
 n - 3 scrolls of remove curse
 o - 5 scrolls of amnesia
 p - a scroll of summoning
Potions
 d - a potion of might
 e - a potion of curing
 g - a potion of heal wounds
 h - a potion of haste
 i - 4 potions of magic
 j - 3 potions of berserk rage
 m - 2 potions of invisibility
Comestibles
 f - 8 bread rations
 q - 40 fruits
 r - 7 meat rations
 s - a chunk of flesh


   Skills:
 + Level 4.3 Fighting
 + Level 2.6 Axes
 + Level 4.4 Armour
 + Level 4.3 Shields


You couldn't memorise any spells.
You didn't know any spells.

Dungeon Overview and Level Annotations

Branches:
Dungeon (1/1)

Altars:
Ashenzari
Cheibriados
Dithmenos
Elyvilon
Fedhas
Gozag
Hepliaklqana
Kikubaaqudgha
Makhleb
Nemelex Xobeh
Okawaru
Qazlal
Ru
Sif Muna
Trog
Uskayaw
Vehumet
Xom
Yredelemnul
Zin
The Shining One
Beogh
Jiyva
Lugonu


Innate Abilities, Weirdness & Mutations

You reflexively headbutt those who attack you in melee.
You have a pair of horns on your head.


Message History

Something is blocking the doorway!
The sky beast hits you. The sky beast shocks you.
Something hits you but does no damage. The gnoll hits you but does no damage.
Unknown command.
Unknown command.
Unknown command.
Unknown command.
Something is blocking the doorway!
The sky beast hits you but does no damage.
Something hits you but does no damage. You block the gnoll's attack.
Unknown command.
Unknown command.
Unknown command.
Something is blocking the doorway!
The sky beast hits you. The sky beast shocks you.
* * * LOW HITPOINT WARNING * * *
Something hits you.
* * * LOW HITPOINT WARNING * * *
Something shocks you.
You die...

############
#__________#
#__________#
#____#####'########
######)))#.##......
#.?(.'.))'.##......
##########.##......
#Y@........)'(.....
#{#####รท#####......
#g# #...+ #......
#c# #...# ####'##
#h# ##### #......
#.# #...... #(#
#...... #.# #...<..
#.# #......


You could see a warg, a sky beast, a centaur and a gnoll.

Vanquished Creatures
  An ooze (D)
  A frilled lizard (D)
  A kobold (D)
3 creatures vanquished.

Notes
Turn   | Place    | Note
-------+----------+-------------------------------------------
     0 | D        | protoss039 the Minotaur Fighter began the quest for the Orb.
     0 | D        | Reached XP level 1. HP: 19/19 MP: 0/0
    16 | D        | Noticed a snapping turtle
    16 | D        | Noticed a hornet
    66 | D        | Found a radiant altar of Vehumet.
    66 | D        | Found a hide-covered altar of Uskayaw.
    66 | D        | Found an ancient bone altar of Kikubaaqudgha.
    66 | D        | Found a viscous altar of Jiyva.
    66 | D        | Found a hazy altar of Hepliaklqana.
    67 | D        | Found a bloodstained altar of Trog.
    67 | D        | Found a deep blue altar of Sif Muna.
    67 | D        | Found a sacrificial altar of Ru.
    67 | D        | Found a stormy altar of Qazlal.
    67 | D        | Found an iron altar of Okawaru.
    67 | D        | Found a sparkling altar of Nemelex Xobeh.
    67 | D        | Found an opulent altar of Gozag.
    67 | D        | Found a blossoming altar of Fedhas.
    67 | D        | Found a white marble altar of Elyvilon.
    67 | D        | Found a shadowy altar of Dithmenos.
    67 | D        | Found a snail-covered altar of Cheibriados.
    68 | D        | Found a burning altar of Makhleb.
    68 | D        | Found a glowing golden altar of the Shining One.
    68 | D        | Found a glowing silver altar of Zin.
    68 | D        | Found a basalt altar of Yredelemnul.
    68 | D        | Found a roughly hewn altar of Beogh.
    70 | D        | Found a corrupted altar of Lugonu.
    70 | D        | Found a shimmering altar of Xom.
    70 | D        | Found a shattered altar of Ashenzari.
    75 | D        | Became a worshipper of Warmaster Okawaru
   113 | D        | Noticed a sky beast
   113 | D        | Noticed a sky beast
   113 | D        | Noticed a centaur
   114 | D        | Noticed a warg
   145 | D        | HP: 1/20 [something (1)]
   145 | D        | Slain by a sky beast

Skill      XL: |  1 |
---------------+----+-----
Fighting       | 4 |  4.3
Armour         | 4 |  4.4
Shields        | 4 |  4.3
Axes           | |  2.6

Action                   || total
-------------------------++-------
Melee: Hand axe          ||     6
       War axe           ||     1
       Headbutt          ||     1
Armor: Scale mail        ||     5
Dodge: Dodged            ||     1
Block: Shield            ||     4
